 Dungeon Crawl Stone Soup version 0.22.1-2-g9c5b331 (webtiles) character file.

152502 toffzen the Brawler (level 17, -6/258 HPs)
             Began as a Troll Arcane Marksman on Dec 18, 2018.
             Was a High Priest of Okawaru.
             Mangled by a salamander
             ... wielding a +0 halberd
              (10 damage)
             ... on level 4 of the Snake Pit.
             The game lasted 01:35:17 (38405 turns).

toffzen the Brawler (Troll Arcane Marksman)        Turns: 38405, Time: 01:35:18

Health: -6/258     AC:  9    Str: 28    XL:     17   Next: 3%
Magic:  20/20      EV: 13    Int: 12    God:    Okawaru [*****.]
Gold:   2413       SH: 16    Dex: 11    Spells: 14/18 levels left

rFire    + . .     SeeInvis .     - Unarmed
rCold    . . .     Gourm    +   A - +0 shield
rNeg     + + +     Faith    .   h - +1 robe "Unacwi" {*Slow rElec rN+++ Stlth+}
rPois    .         Spirit   .   (helmet restricted)
rElec    +         Reflect  +   z - +2 cloak {+Inv}
rCorr    .         Harm     .   (gloves unavailable)
MR       ++...                  (boots unavailable)
Stlth    ..........             U - +5 amulet of reflection
HPRegen  0.93/turn              D - ring of protection from magic
MPRegen  0.17/turn              P - ring of protection from fire

@: berserking, about to teleport, very slightly contaminated, constricted,
invisible, very quick
A: large, unfitting armour, claws 3, fast metabolism 3, gourmand, regeneration
1, shaggy fur 1, tough skin 2
a: Heroism, Finesse, Renounce Religion


You were on level 4 of the Snake Pit.
You worshipped Okawaru.
Okawaru was extremely pleased with you.
You were not hungry.

You visited 5 branches of the dungeon, and saw 28 of its levels.

You collected 2488 gold pieces.
You spent 75 gold pieces at shops.

Inventory:

Hand Weapons
 a - the +5 short sword of the Unkillable {freeze, +Rage Str+8 Stlth-}
   (You found it on level 5 of the Dungeon)

   It has been specially enchanted to freeze those struck by it, causing extra
   injury to most foes and up to half again as much damage against particularly
   susceptible opponents.
   It can also slow down cold-blooded creatures.
   It affects your strength (+8).
   It lets you go berserk.
   It makes you less stealthy.
 E - a +0 giant spiked club
Missiles
 d - 9 throwing nets
 g - 651 stones
 x - 20 large rocks (quivered)
 L - 6 poisoned javelins
Armour
 h - the +1 robe "Unacwi" (worn) {*Slow rElec rN+++ Stlth+}
   (You found it on level 9 of the Dungeon)

   It insulates you from electricity.
   It renders you almost immune to negative energy.
   It may slow you when you take damage.
   It makes you more stealthy.
 z - a +2 cloak of invisibility (worn)
 A - a +0 shield (worn)
 N - a +0 troll leather armour
Jewellery
 j - an uncursed amulet of magic regeneration
 C - a +2 ring of evasion
 D - a ring of protection from magic (left claw)
 P - a ring of protection from fire (right claw)
 Q - an uncursed ring of protection from cold
 U - a +5 amulet of reflection (around neck)
Wands
 c - a wand of digging (10)
 t - a wand of iceblast (11)
 u - a wand of disintegration (19)
 M - a wand of paralysis (30)
 O - a wand of flame (51)
Scrolls
 e - a scroll of holy word {unknown}
 l - 16 scrolls of remove curse
 o - 3 scrolls of identify
 q - 2 scrolls of enchant weapon
 r - 2 scrolls of vulnerability
 v - 3 scrolls of magic mapping
 y - a scroll of brand weapon
 G - 3 scrolls of enchant armour
 K - 4 scrolls of teleportation
 S - a scroll of fog
 W - a scroll of amnesia
Potions
 b - 2 potions of magic
 m - 2 potions of cancellation
 n - 6 potions of lignification
 p - 2 potions of might
 s - 3 potions of agility
 w - 2 potions of haste
 F - a potion of mutation
 H - 3 potions of brilliance
 I - 4 potions of flight
 J - 3 potions of berserk rage
Comestibles
 f - 49 rations


   Skills:
 + Level 12.3 Fighting
 + Level 4.0 Throwing
 + Level 12.3 Dodging
 - Level 9.0 Shields
 * Level 18.0 Unarmed Combat
 - Level 1.0 Spellcasting
 - Level 2.0 Hexes
 - Level 1.0 Translocations
 - Level 6.0 Invocations
 + Level 4.2 Evocations


You had 14 spell levels left.
You knew the following spells:

 Your Spells              Type           Power        Failure   Level  Hunger
a - Corona                Hex            #......      13%         1    ##.....
b - Blink                 Tloc           N/A          30%         2    ###....
c - Confusing Touch       Hex            #.....       13%         1    ##.....

Your spell library contained the following spells:

 Spells                   Type           Power        Failure   Level  Hunger
 Slow                     Hex            #.......     21%         2    ###....
 Magic Dart               Conj           #...         30%         1    ##.....
 Shroud of Golubria       Chrm/Tloc      #.........   36%         2    ###....
 Confuse                  Hex            #.......     36%         3    ####...
 Tukima's Dance           Hex            #.......     36%         3    ####...
 Call Imp                 Summ           #.......     41%         2    ###....
 Portal Projectile        Hex/Tloc       #.....       43%         3    ####...
 Gell's Gravitas          Tloc           #.........   52%         3    ####...
 Inner Flame              Hex/Fire       #.......     52%         3    ####...
 Lesser Beckoning         Tloc           #.........   52%         3    ####...
 Summon Guardian Golem    Hex/Summ       #.......     52%         3    ####...
 Teleport Other           Tloc           #.......     52%         3    ####...
 Conjure Flame            Conj/Fire      #.......     65%         3    ####...
 Mephitic Cloud           Conj/Pois/Air  #.......     65%         3    ####...
 Cause Fear               Hex            #.........   78%         4    #####..
 Leda's Liquefaction      Hex/Erth       #.........   89%         4    #####..
 Passage of Golubria      Tloc           N/A          89%         4    #####..
 Petrify                  Tmut/Erth      #.......     96%         4    #####..
 Summon Lightning Spire   Summ/Air       #.......     96%         4    #####..
 Metabolic Englaciation   Hex/Ice        #.........   99%         5    ######.
 Silence                  Hex/Air        #.........   99%         5    ######.
 Yara's Violent Unravell  Hex/Tmut       #.........   99%         5    ######.
 Conjure Ball Lightning   Conj/Air       #.........   100%        6    #######
 Deflect Missiles         Chrm/Air       #.........   100%        6    #######
 Tornado                  Air            #.........   100%        9    #######


Dungeon Overview and Level Annotations

Branches:
Dungeon (15/15)            Temple (1/1) D:6            Lair (6/6) D:11
  Swamp (0/4) Lair:3        Snake (4/4) Lair:3        Slime (0/5) Lair:5
    Orc (2/2) D:9             Elf (0/3) Orc:2        Vaults (0/5) D:13
 Depths (0/5) D:15

Altars:
Ashenzari
Cheibriados
Dithmenos
Elyvilon
Fedhas
Gozag
Hepliaklqana
Kikubaaqudgha
Makhleb
Nemelex Xobeh
Okawaru
Qazlal
Ru
Sif Muna
Trog
Uskayaw
Vehumet
Wu Jian
Xom
Yredelemnul
Zin
The Shining One

Shops:
D:5 [   D:6 :   D:15 =   Orc:2 !}?(   Snake:3 }*

Portals:
Pandemonium: Orc:2
Trove: D:10 (give 3 potions of resistance)

Annotations:
D:12 1 runed door
Lair:3 exclusion: oklob plant
Snake:1 3 runed doors, MordorOrchid's ghost, adept OpVM; buskinjo's ghost, adept OpFE; cotteux's ghost, journeyman GrBe; emiel's ghost, adept FoVM
Snake:4 1 exclusion


Innate Abilities, Weirdness & Mutations

You are too large for most types of armour.
You have claws for hands.
Your metabolism is lightning-fast.
You like to eat raw meat.
Your natural rate of healing is unusually fast.
You are covered in fur. (AC +1)
You have very tough skin. (AC +2)


Message History

* * * LOW HITPOINT WARNING * * *
The naga constricts you.
You block the guardian serpent's attack.
The naga mage barely misses you.
Unknown command.
Okay, then.
Unknown command.
Okay, then.
Unknown command.
Unknown command.
A red film seems to cover your vision as you go berserk!
You feel yourself moving faster!
You feel mighty! You block the salamander's attack.
Your black mamba closely misses the guardian serpent.
The salamander mystic hits you with a quarterstaff of draining!
* * * LOW HITPOINT WARNING * * *
You are engulfed in flames!
You resist.
* * * LOW HITPOINT WARNING * * *
The salamander hits you with a halberd!
You die...

**#N,,*#........##.#
,,...###...........#
,,,,......S........#
*****#.............#
#...#.....##.##
***#..###..#.#
######.#####S..#
#..........#NSN#
#..)###....#S@N#
##...###....#N#N#
###...........N§..#
....##........N.###
##...#....######.#
#...#....# #.#
#.....##### #.#
####.......########.#
#)...................#


You could see a salamander mystic, 2 salamanders, a guardian serpent, 2 naga
magi, 2 nagas, a friendly shock serpent and a friendly black mamba.

Vanquished Creatures
  Kirke (Lair:6)
  3 nagarajas
  An orc warlord (Orc:2)
  Nessos (D:14)
  A stone giant (Orc:2)
  Josephine (D:15)
  2 fire dragons (D:15)
  8 naga warriors
  5 hydras
  Harold (D:9)
  10 anacondas
  A catoblepas (Lair:6)
  6 two-headed ogres
  2 centaur warriors
  A tengu warrior (D:14)
  9 shock serpents
  A soul eater (Orc:2)
  6 orc high priests
  9 naga sharpshooters
  A deep elf knight (Orc:2)
  2 salamander mystics
  3 unseen horrors
  A wizard (D:14)
  8 naga ritualists
  A gelid demonspawn (Orc:1)
  8 orc knights
  A necromancer (D:13)
  A manticore (D:15)
  11 mana vipers
  11 orc sorcerers
  A deep elf mage (D:13)
  11 ugly things
  7 salamanders
  4 cyclopes
  2 centaur zombies
  6 elephants
  Maurice (D:9)
  9 naga magi
  Joseph (D:9)
  41 black mambas
  A guardian serpent (Snake:3)
  A gargoyle (D:15)
  A rust devil (Orc:2)
  25 spiny frogs
  A torpor snail (Lair:2)
  A freezing wraith (D:15)
  2 kobold demonologists
  6 rime drakes
  2 efreet
  8 komodo dragons
  An ice devil (Orc:2)
  3 tengu conjurers (D:15)
  A queen bee (Lair:1)
  A hornet (D:14)
  5 tyrant leeches (Lair:6)
  3 meliai (D:13)
  7 trolls
  3 bog bodies (Lair:3)
  5 hippogriffs
  Prince Ribbit (D:4)
  16 blink frogs
  A shadow (D:14)
  A spriggan (D:8)
  A centaur simulacrum (D:15)
  2 ynoxinuls (Orc:2)
  2 wyverns
  Eustachio (D:4)
  4 wraiths
  46 yaks
  A hog (Lair:6)
  A human (shapeshifter) (D:15)
  10 basilisks
  A chaos spawn (Orc:2)
  10 vampire mosquitoes
  A steam dragon (Lair:2)
  A neqoxec (Orc:2)
  Menkaure (D:4)
  3 wargs (Orc:2)
  A soldier ant (D:12)
  24 nagas
  2 swamp worms (Lair:3)
  An acid dragon (D:15)
  23 water moccasins
  7 porcupines
  39 orc warriors
  2 sky beasts
  3 ice beasts
  8 ogres
  A phantom (D:10)
  5 wolves (Lair:5)
  14 centaurs
  10 crocodiles
  Blork the orc (D:6)
  5 big kobolds
  27 bullfrogs
  7 scorpions
  39 killer bees
  An electric eel (Lair:3)
  6 howler monkeys
  8 crimson imps
  A quasit (D:10)
  A bullfrog skeleton (D:6)
  7 jellies
  Crazy Yiuf (D:3)
  3 centaur skeletons
  28 orc priests
  4 hounds
  21 orc wizards
  2 iguanas (D:11)
  Jessica (D:2)
  Terence (D:2)
  11 worker ants
  9 hell rats
  A killer bee zombie (D:6)
  A hound zombie (D:8)
  2 worker ant zombies (D:10)
  3 gnolls (D:2)
  16 adders
  3 shadow imps
  4 oozes
  2 adder skeletons
  3 worms
  2 dart slugs
  4 leopard geckos
  88 orcs
  10 bats
  11 giant cockroaches
  7 hobgoblins
  4 jackals (D:3)
  5 quokkas
  A ball python (Lair:3)
  3 frilled lizards (D:1)
  5 goblins
  A jackal skeleton (D:5)
  32 kobolds
  8 rats
  A butterfly (Lair:3)
922 creatures vanquished.

Vanquished Creatures (others)
  A hippogriff (Lair:6)
  A human (Lair:6)
  A kobold (D:15)
  5 bushes (D:11)
  22 fungi
  60 plants
  2 withered plants (Snake:1)
92 creatures vanquished.

Grand Total: 1014 creatures vanquished

Notes
Turn   | Place    | Note
-------+----------+-------------------------------------------
     0 | D:1      | toffzen the Troll Arcane Marksman began the quest for the
                  | Orb.
     0 | D:1      | Reached XP level 1. HP: 18/18 MP: 1/1
   131 | D:1      | Reached skill level 1 in Unarmed Combat
   284 | D:1      | Reached XP level 2. HP: 26/26 MP: 2/2
   376 | D:1      | Reached skill level 2 in Unarmed Combat
   736 | D:1      | Reached XP level 3. HP: 32/32 MP: 3/3
  1060 | D:2      | Reached skill level 3 in Unarmed Combat
  1087 | D:2      | Reached XP level 4. HP: 22/40 MP: 4/4
  1170 | D:2      | Reached skill level 4 in Unarmed Combat
  1449 | D:2      | Noticed Terence
  1503 | D:2      | Killed Terence
  1608 | D:2      | Noticed Jessica
  1614 | D:2      | Killed Jessica
  1614 | D:2      | Reached XP level 5. HP: 46/46 MP: 5/5
  1975 | D:3      | Reached skill level 5 in Unarmed Combat
  2133 | D:3      | Found a bloodstained altar of Trog.
  2328 | D:3      | Found a runed door.
  2332 | D:3      | Noticed Crazy Yiuf
  2338 | D:3      | Killed Crazy Yiuf
  2338 | D:3      | Reached skill level 6 in Unarmed Combat
  2338 | D:3      | Reached XP level 6. HP: 54/54 MP: 6/6
  2706 | D:4      | Noticed Menkaure
  2715 | D:4      | Killed Menkaure
  2716 | D:4      | Noticed Eustachio
  2723 | D:4      | Killed Eustachio
  2723 | D:4      | Reached skill level 7 in Unarmed Combat
  2723 | D:4      | Reached XP level 7. HP: 61/61 MP: 7/7
  3037 | D:4      | Found a stormy altar of Qazlal.
  3375 | D:4      | Got a shimmering whip
  3376 | D:4      | Identified the cursed +1 whip "Weahur" {drain, rF+} (You
                  | found it on level 4 of the Dungeon)
  3622 | D:5      | Entered Level 5 of the Dungeon
  3631 | D:5      | Found Vunwu's Antique Armour Emporium.
  3685 | D:5      | Got a crystal short sword
  3686 | D:5      | Identified the +5 short sword of the Unkillable {freeze,
                  | +Rage Str+8 Stlth-} (You found it on level 5 of the
                  | Dungeon)
  3809 | D:5      | Reached skill level 8 in Unarmed Combat
  3863 | D:5      | Noticed Prince Ribbit
  3867 | D:5      | Reached skill level 1 in Fighting
  4005 | D:4      | Killed Prince Ribbit
  4005 | D:4      | Reached XP level 8. HP: 71/71 MP: 8/8
  4174 | D:5      | Reached skill level 9 in Unarmed Combat
  4832 | D:6      | Found a staircase to the Ecumenical Temple.
  4851 | Temple   | Entered the Ecumenical Temple
  5043 | Temple   | Became a worshipper of Elyvilon the Healer
  5197 | D:6      | Reached skill level 1 in Invocations
  5356 | D:6      | Reached XP level 9. HP: 83/83 MP: 9/9
  5364 | D:6      | Reached skill level 10 in Unarmed Combat
  5581 | D:6      | Found Wugek's Book Emporium.
  5617 | D:6      | Noticed Blork the orc
  5630 | D:6      | Killed Blork the orc
  5872 | D:7      | Reached * piety under Elyvilon
  6405 | D:7      | Found a blossoming altar of Fedhas.
  6548 | D:8      | Noticed a two-headed ogre
  6548 | D:8      | Noticed a two-headed ogre
  6568 | D:7      | Killed a two-headed ogre
  6568 | D:7      | Reached skill level 11 in Unarmed Combat
  6691 | D:8      | Reached ** piety under Elyvilon
  6808 | D:8      | Reached XP level 10. HP: 67/94 MP: 11/11
  7409 | D:8      | Found a basalt altar of Yredelemnul.
  7409 | D:8      | Found an ornate altar of the Wu Jian Council.
  7737 | D:9      | Reached *** piety under Elyvilon
  7829 | D:9      | Noticed a cyclops
  7849 | D:9      | Killed a cyclops
  7849 | D:9      | Reached skill level 5 in Dodging
  8106 | D:9      | Got a heavy robe
  8117 | D:9      | Identified the cursed +1 robe "Unacwi" {*Slow rElec rN+++
                  | Stlth+} (You found it on level 9 of the Dungeon)
  8143 | D:9      | Noticed Harold
  8158 | D:9      | Killed Harold
  8158 | D:9      | Reached skill level 5 in Fighting
  8210 | D:9      | Noticed Maurice
  8239 | D:9      | Killed Maurice
  8245 | D:9      | Found a staircase to the Orcish Mines.
  8390 | D:9      | Noticed Joseph
  8408 | D:9      | Killed Joseph
  8408 | D:9      | Reached skill level 12 in Unarmed Combat
  8408 | D:9      | Reached skill level 5 in Invocations
  8518 | D:9      | Reached **** piety under Elyvilon
  8892 | D:10     | Entered Level 10 of the Dungeon
  8954 | D:10     | Found a portal to a secret trove of treasure.
  9114 | D:10     | Got a shimmering dagger
  9115 | D:10     | Identified the cursed +1 dagger "Muoskuyq" {pierce, rC+
                  | Dex+2} (You found it on level 10 of the Dungeon)
  9220 | D:10     | Noticed a two-headed ogre
  9231 | D:10     | Killed a two-headed ogre
  9231 | D:10     | Reached XP level 11. HP: 57/105 MP: 13/13
  9548 | D:10     | Killed an unseen horror
  9638 | D:10     | Noticed a two-headed ogre
  9755 | D:10     | Killed a two-headed ogre
  9879 | D:10     | Reached skill level 13 in Unarmed Combat
 10162 | D:11     | Noticed a four-headed hydra
 10330 | D:10     | Killed a two-headed ogre
 10741 | D:11     | Noticed a purple ugly thing
 10751 | D:11     | Killed a purple ugly thing
 11012 | D:11     | Found a staircase to the Lair.
 11049 | D:11     | Pacified a four-headed hydra
 11337 | D:11     | Got a clouded wooden ring
 11349 | D:11     | Identified the ring of Duiruqoj {*Tele rF+ MP-9 Stlth+}
                  | (You found it on level 11 of the Dungeon)
 11381 | D:11     | Noticed a two-headed ogre
 11387 | D:11     | Killed a two-headed ogre
 11627 | Lair:1   | Entered Level 1 of the Lair of Beasts
 11742 | Lair:1   | Reached XP level 12. HP: 118/118 MP: 14/14
 11764 | Lair:1   | Learned a level 2 spell: Blink
 12310 | Lair:1   | Reached skill level 14 in Unarmed Combat
 12374 | Lair:1   | Reached skill level 1 in Evocations
 12630 | Lair:1   | Reached skill level 1 in Shields
 12810 | Lair:1   | Reached skill level 1 in Translocations
 13957 | Lair:2   | Learned a level 1 spell: Confusing Touch
 14487 | Lair:3   | Reached ***** piety under Elyvilon
 14730 | Lair:3   | Found a staircase to the Snake Pit.
 15076 | Lair:3   | Noticed a six-headed hydra
 15082 | Lair:3   | Killed a six-headed hydra
 15250 | Lair:3   | Identified Easy Spellweaving
 15680 | Lair:3   | Found a staircase to the Swamp.
 15707 | Lair:3   | Reached XP level 13. HP: 48/127 MP: 16/16
 17670 | Lair:5   | Found a staircase to the Slime Pits.
 18787 | Lair:6   | Entered Level 6 of the Lair of Beasts
 18912 | Lair:5   | Reached skill level 5 in Shields
 18912 | Lair:5   | Reached skill level 15 in Unarmed Combat
 20407 | Lair:6   | Reached XP level 14. HP: 98/140 MP: 17/17
 20628 | Lair:6   | Noticed Kirke
 20644 | Lair:6   | Killed Kirke
 22143 | Temple   | Fell from the grace of Elyvilon
 22143 | Temple   | Became a worshipper of Warmaster Okawaru
 22571 | D:12     | Found a runed door.
 22589 | D:12     | Found a runed door.
 23601 | D:13     | Reached skill level 10 in Dodging
 23906 | D:13     | Reached * piety under Okawaru
 24134 | D:13     | Found a gate to the Vaults.
 24171 | D:13     | Reached skill level 10 in Fighting
 24713 | D:14     | Noticed Nessos
 24727 | D:14     | Killed Nessos
 24727 | D:14     | Reached ** piety under Okawaru
 25257 | D:15     | Entered Level 15 of the Dungeon
 25503 | D:15     | Found Cuwn's Jewellery Shoppe.
 25703 | D:15     | Reached *** piety under Okawaru
 25950 | D:15     | Reached skill level 16 in Unarmed Combat
 26465 | D:15     | Reached **** piety under Okawaru
 26680 | D:15     | Noticed Josephine
 26688 | D:15     | Killed Josephine
 26703 | D:15     | Reached XP level 15. HP: 123/152 MP: 18/18
 27610 | D:15     | Found a staircase to the Depths.
 27732 | D:15     | Found Cuwn's Jewellery Shoppe.
 28349 | Orc:1    | Entered Level 1 of the Orcish Mines
 29113 | Orc:2    | Entered Level 2 of the Orcish Mines
 29417 | Orc:2    | Reached ***** piety under Okawaru
 29601 | Orc:2    | Found a staircase to the Elven Halls.
 30278 | Orc:2    | Found Zaxzoxzots's Distillery.
 30280 | Orc:2    | Found Uguuca's Magic Scroll Shop.
 30452 | Orc:2    | Bought a scroll of blinking for 75 gold pieces
 30888 | Orc:2    | Received a gift from Okawaru
 31039 | Orc:2    | Got an ancient scimitar {flame}
 31040 | Orc:2    | Identified the +1 scimitar of Capital Punishment {flame,
                  | *Drain rF+ MP+9} (You took it off an orc warrior on level 2
                  | of the Orcish Mines)
 31043 | Orc:2    | Noticed an orc warlord
 31806 | Orc:2    | Found Konaesmu's Gadget Emporium.
 31806 | Orc:2    | Found Ucwoasmaed's Antique Weapon Shoppe.
 31807 | Orc:2    | Found a one-way gate leading to the halls of Pandemonium.
 32208 | Orc:2    | Killed an orc warlord
 32209 | Orc:2    | Received a gift from Okawaru
 32489 | Snake:1  | Entered Level 1 of the Snake Pit
 33194 | Snake:1  | Reached XP level 16. HP: 103/163 MP: 19/19
 33367 | Snake:1  | Reached skill level 17 in Unarmed Combat
 33375 | Snake:1  | HP: 2/163 [naga sharpshooter/bolt (31)]
 33725 | Snake:1  | Received a gift from Okawaru
 33846 | Snake:1  | Found a runed gate.
 33846 | Snake:1  | Found a runed gate.
 33846 | Snake:1  | Found a runed gate.
 33847 | Snake:1  | Noticed MordorOrchid's ghost (adept OpVM)
 33848 | Snake:1  | Noticed buskinjo's ghost (adept OpFE)
 33848 | Snake:1  | Noticed emiel's ghost (adept FoVM)
 33848 | Snake:1  | Noticed cotteux's ghost (journeyman GrBe)
 35178 | Snake:2  | Received a gift from Okawaru
 35181 | Snake:2  | Got a twisted war axe {god gift}
 35182 | Snake:2  | Identified the +3 war axe "Hugeutt" {freeze, +Rage}
                  | (Okawaru gifted it to you on level 2 of the Snake Pit)
 36062 | Snake:3  | Found a frozen archway.
 36065 | Snake:3  | Found Woariada's Gadget Emporium.
 36496 | Snake:3  | Found Gusuh's General Store.
 37533 | Snake:3  | Received a gift from Okawaru
 37872 | Snake:4  | Entered Level 4 of the Snake Pit
 38049 | Snake:4  | Reached skill level 18 in Unarmed Combat
 38205 | Snake:4  | Reached XP level 17. HP: 141/172 MP: 17/20
 38405 | Snake:4  | HP: 11/258 [salamander mystic/quarterstaff of draining
                  | (11)]
 38405 | Snake:4  | HP: 4/258 [salamander mystic/quarterstaff of draining (7)]
 38405 | Snake:4  | Mangled by a salamander

Skill      XL: |  1  2  3  4  5  6  7  8  9 10 11 12 13 14 15 16 17 |
---------------+----------------------------------------------------+-----
Unarmed Combat | 1 2 3 4 6 7 8 9 11 12 13 14 15 16 18 | 18.0
Fighting       | 1 3 4 5 7 8 9 10 11 12 | 12.3
Dodging        | 2 3 4 5 7 8 9 10 11 12 | 12.3
Invocations    | 1 3 5 6 |  6.0
Evocations     | 2 4 |  4.2
Shields        | 3 6 7 9 |  9.0
Translocations | 1 |  1.0
Throwing       | 3 4 |  4.0
Spellcasting   | |  1.0
Hexes          | |  2.0

Action                   |  1- 3 |  4- 6 |  7- 9 | 10-12 | 13-15 | 16-18 || total
-------------------------+-------+-------+-------+-------+-------+-------++-------
Melee: Unarmed           |   105 |   143 |   302 |   761 |  1710 |   530 ||  3551
       Punch             |     1 |     2 |    10 |    22 |       |       ||    35
       Short sword       |       |       |       |     2 |       |       ||     2
Throw: Large rock        |       |     3 |       |     7 |    34 |     1 ||    45
       Stone             |       |       |       |     4 |       |       ||     4
       Throwing net      |       |       |       |       |     1 |       ||     1
Invok: Lesser Healing    |       |       |       |    11 |       |       ||    11
       Heal Other        |       |       |       |     6 |       |       ||     6
       Purification      |       |       |       |     3 |     3 |       ||     6
       Greater Healing   |       |       |       |       |    11 |       ||    11
       Heroism           |       |       |       |       |    26 |    11 ||    37
       Finesse           |       |       |       |       |       |     2 ||     2
Evoke: Wand              |       |     6 |     5 |    17 |    36 |     3 ||    67
  Use: Scroll            |       |     4 |    11 |    15 |    13 |    11 ||    54
       Potion            |       |       |     3 |     3 |     2 |    11 ||    19
 Stab: Sleeping          |     1 |       |       |     9 |     7 |       ||    17
       Distracted        |       |       |       |       |     1 |       ||     1
       Paralysed         |       |       |       |       |    13 |       ||    13
  Eat: Chunk             |    15 |    15 |    35 |    86 |   140 |    23 ||   314
       Ration            |       |       |       |     1 |     5 |     8 ||    14
Armor: Robe              |    63 |    38 |    86 |   142 |   278 |    48 ||   655
Dodge: Dodged            |    53 |    72 |   194 |   343 |   732 |   218 ||  1612
Block: Shield            |       |       |       |   104 |   784 |   363 ||  1251
       Reflection        |       |       |       |       |       |    28 ||    28
